 Dungeon Crawl Stone Soup version 0.31.0-12-g77e489cdc1 (webtiles) character file.

Game seed: 6379599522555519115

11071 spaghetti the Fighter (level 11, -12/78 HPs)
             Began as a Tengu Chaos Knight on Mar 7, 2024.
             Was a Plaything of Xom.
             Engulfed by a cloud of flame (29 damage)
             ... on level 11 of the Dungeon.
             The game lasted 00:17:10 (9748 turns).

spaghetti the Fighter (Tengu Chaos Knight)          Turns: 9748, Time: 00:17:10

Health: -12/78     AC: 13    Str: 18    XL:     11   Next: 72%
Magic:  13/22      EV: 20    Int: 20    God:    Xom [*.....]
Gold:   478        SH:  5    Dex: 16    Spells: 12/24 levels left

rFire   . . .        u - +7 flail (holy)
rCold   + + .        (no shield)
rNeg    . . .        O - +4 scale mail {rC+}
rPois   .            (helmet restricted)
rElec   .            G - +0 cloak
rCorr   .            t - +0 pair of gloves {Dex+3}
SInv    .            (boots unavailable)
Will    +....        o - amulet of reflection Stlth
                     l - +4 ring of slaying
HPRegen 0.33/turn    q - +5 ring of evasion
MPRegen 0.18/turn

%: reflection, acrobat
@: fugue, unable to call your familiar, flying
A: beak, talons 3, evasive flight, acrobatic, clever 2, cold resistance 1,
strong-willed 1, strong 2, noise suppression
a: Renounce Religion


You were on level 11 of the Dungeon.
You worshipped Xom.
You were a special plaything of Xom.
You visited 1 branch of the dungeon, and saw 11 of its levels.
You also visited: Bailey.

You collected 674 gold pieces.
You spent 196 gold pieces at shops.

Inventory:

Hand Weapons
 a - a +0 falchion of chaos
 u - a +7 flail of holy wrath (weapon)
 D - a +1 heavy broad axe
 H - a +7 dire flail of chaos
 P - the +8 scimitar of Gozag's Hatred {protect, rC+ rN+}
   (You found it in a bailey)

   rC+:       It protects you from cold.
   rN+:       It protects you from negative energy.
Missiles
 n - 8 javelins
Armour
 b - a +2 leather armour
 m - a +0 kite shield
 t - a +0 pair of gloves of dexterity (worn)
 G - a +0 cloak (worn)
 N - a +2 plate armour of fire resistance
 O - a +4 scale mail of cold resistance (worn)
Jewellery
 d - a ring of fire
 g - a ring of magical power
 l - a +4 ring of slaying (left hand)
 o - an amulet of reflection (around neck)
 q - a +5 ring of evasion (right hand)
 v - an amulet of magic regeneration
 A - a ring of magical power
 J - an amulet of faith
 Q - a +6 ring of dexterity
Wands
 h - a wand of paralysis (4)
 r - a wand of iceblast (17)
 y - a wand of mindburst (20)
 C - a wand of quicksilver (3)
Scrolls
 c - a scroll of butterflies
 e - 4 scrolls of teleportation
 i - 2 scrolls of amnesia
 j - 2 scrolls of revelation
 k - 2 scrolls of blinking
 p - 2 scrolls of immolation
 w - 3 scrolls of vulnerability
 E - 3 scrolls of poison
 K - 2 scrolls of fog
Potions
 f - a potion of magic
 s - 5 potions of degeneration
 x - 5 potions of might
 z - 2 potions of invisibility
 B - a potion of ambrosia
 F - a potion of attraction
 I - 3 potions of heal wounds {unknown}
 L - a potion of mutation {unknown}
 M - 2 potions of brilliance


   Skills:
 - Level 13.0 Fighting
 - Level 4.6 Long Blades
 + Level 4.8 Armour
 + Level 4.4 Dodging
 - Level 7.0 Spellcasting
 - Level 7.0 Summonings
 - Level 4.0 Necromancy
 - Level 3.0 Translocations
 - Level 3.0 Fire Magic


You had 12 spell levels left.
You knew the following spells:

 Your Spells              Type           Power      Damage    Failure   Level
a - Call Canine Familiar  Summ           35%        N/A       4%          3
b - Summon Blazeheart Go  Fire/Summ      27%        N/A       34%         4
c - Blink                 Tloc           38%        N/A       12%         2
d - Fugue of the Fallen   Necr           23%        N/A       16%         3

Your spell library contained the following spells:

 Spells                   Type           Power      Damage    Failure   Level
 Summon Small Mammal      Summ           100%       N/A       1%          1
 Call Imp                 Summ           70%        N/A       2%          2
 Lesser Beckoning         Tloc           38%        N/A       12%         2
 Momentum Strike          Conj/Tloc      26%        3d8       22%         2
 Magic Dart               Conj           28%        1d4       28%         1
 Ensorcelled Hibernation  Hex/Ice        14%        N/A       38%         2
 Anguish                  Hex/Necr       7%         N/A       77%         4


Dungeon Overview and Level Annotations

Branches:
Dungeon (11/15)            Temple (0/1) D:4            Lair (0/5) D:11
 Bailey (visited)
    Orc: D:9-12

Altars:
Fedhas
Nemelex Xobeh
Okawaru
Sif Muna
The Shining One

Shops:
D:7 (

Annotations:
D:3 1 runed translucent door, Justthedoctor22's ghost, amateur DrSh
D:6 3 runed translucent doors, jagang's ghost, novice HuMo
D:9 1 transporter, Jeremiah
D:11 Lodul


Innate Abilities, Weirdness & Mutations

You have a beak for a mouth.
You have claws for feet.
Your magical flight helps you evade attacks. (EV +4)
You can magically evade attacks while moving or waiting.
Your mind is very acute. (Int +8, Str/Dex -2)
Your flesh is cold resistant. (rC+)
You are strong-willed. (Will+)
Your muscles are very strong. (Str +8, Int/Dex -2)
You passively dampen the noise of your surroundings.


Message History

The orc wizard casts a spell at you.
You block the puff of flame... and reflect it back!
Xom is mildly amused.
The puff of flame hits the orc wizard!
You kill the orc wizard!
The orc priest hits your inugami with a +0 flail.
The orc priest looks satisfied for a moment.
The orc misses you.
You bludgeon the orc!!
You kill the orc!
The wailing of tortured souls fills the air!
The orc warrior hits you with a +0 mace of protection.
Your blazeheart golem punches the orc warrior.
Your blazeheart golem falls apart, revealing its core!
Your inugami barely misses the orc priest.
The orc priest hits your inugami with a +0 flail.
Your inugami dies!
Your inugami disappears in a puff of smoke!
The orc warrior hits you with a +0 mace of protection!
Unknown command.
You sock the orc priest!
You kill the orc priest!
Your blazeheart core explodes!
The fiery explosion engulfs you!!
Xom is amused.
* * * LOW HITPOINT WARNING * * *
The fiery explosion engulfs the orc!!!
You kill the orc!
The fiery explosion engulfs the orc warrior!!
You kill the orc warrior!
You hear a shout!
Unknown command.
Unknown command.
Unknown command.
Unknown command.
You sock the orc priest! You claw the orc priest.
You kill the orc priest!
The wailing of tortured souls fills the air!
You are engulfed in blazing flames.
You die...
Xom chuckles heartily!

.##......#### #.
##.##.).#.## ##.#
#.. ##.....##
##...# #.. #......#
#.)...##. ##.....##
.......##
###...#.##
.......####...#####
........#......#
......)@○○.##..#
...>..)○○○.##.##
.......°○°..###
...........##
..P....#....#
.......#......
#.....###...###
##...# ....#


There were no monsters in sight!

Vanquished Creatures
  A two-headed ogre (D:10)
  An orc knight (Bailey)
  A troll (D:11)
  A shadow (D:9)
  2 wraiths
  2 humans (D:8)
  11 yaks
  3 wyverns
  2 vampire mosquitoes
  Edmund (D:6)
  A water moccasin (D:6)
  Duvessa (D:7)
  9 orc warriors
  6 black bears
  2 ice beasts
  4 centaurs
  A wolf (D:11)
  3 phantoms
  A kobold brigand (D:9)
  5 bullfrogs
  A gnoll sergeant (D:6)
  9 scorpions
  13 wights
  Dowan (D:7)
  A killer bee (shapeshifter) (D:8)
  9 killer bees
  5 bombardier beetles
  6 hounds
  7 orc priests
  Ijyb (D:3)
  2 jellies
  3 sleepcaps
  2 iguanas
  8 orc wizards
  4 gnolls (D:6)
  4 adders (D:2)
  4 white imps
  2 ufetubi (D:5)
  4 ribbon worms
  3 dart slugs
  38 orcs
  4 bats
  2 endoplasms (D:3)
  3 giant cockroaches
  9 goblins
  7 hobgoblins
  7 jackals
  11 kobolds
  4 quokkas
  6 ball pythons
  3 rats
241 creatures vanquished.

Vanquished Creatures (collateral kills)
  A deep elf pyromancer (Bailey)
  2 yaks (D:10)
  A steam dragon (D:9)
  An orc warrior (Bailey)
  A wolf (D:11)
  A wight (D:9)
  A bombardier beetle (D:5)
  An orc wizard (D:9)
  An adder (D:2)
  3 orcs (Bailey)
13 creatures vanquished.

Vanquished Creatures (others)
  A blazeheart core (D:11)
1 creature vanquished.

Grand Total: 255 creatures vanquished

Notes
Turn   | Place    | Note
-------+----------+-------------------------------------------
     0 | D:1      | spaghetti the Tengu Chaos Knight began the quest for the
                  | Orb.
     0 | D:1      | Reached XP level 1. HP: 14/14 MP: 2/2
    96 | D:1      | XOM: silly message
   303 | D:1      | Reached XP level 2. HP: 17/19 MP: 3/3
   370 | D:1      | XOM: smoke on damage
   493 | D:1      | XOM: stat loss: -1 Str (11/12)
   602 | D:1      | XOM: butterfly on damage
   968 | D:2      | Reached XP level 3. HP: 23/23 MP: 4/4
  1133 | D:2      | XOM: give mutation
  1133 | D:2      | Gained mutation: You expend magic power (3 MP) to
                  | strengthen your wands. [Xom's grace]
  1393 | D:2      | Reached skill level 4 in Fighting
  1393 | D:2      | Reached XP level 4. HP: 27/29 MP: 5/5
  1638 | D:2      | XOM: give mutations
  1638 | D:2      | Gained mutation: Your muscles are strong. (Str +4, Int/Dex
                  | -1) [Xom's grace]
  1638 | D:2      | Gained mutation: You are covered in fur. (AC +1) [Xom's
                  | grace]
  1638 | D:2      | Gained mutation: Your mind is acute. (Int +4, Str/Dex -1)
                  | [Xom's grace]
  1978 | D:3      | Noticed Ijyb
  1986 | D:3      | Killed Ijyb
  1987 | D:3      | Reached XP level 5. HP: 34/34 MP: 6/6
  2214 | D:3      | Found a runed translucent door.
  2388 | D:3      | Noticed Justthedoctor22's ghost (amateur DrSh)
  2392 | D:3      | XOM: give mutations
  2392 | D:3      | Gained mutation: You have sharp fingernails. [Xom's
                  | mischief]
  2392 | D:3      | Gained mutation: You are partially covered in iridescent
                  | scales. (AC +2) [Xom's mischief]
  2392 | D:3      | Gained mutation: Your mind is very acute. (Int +8, Str/Dex
                  | -2) [Xom's mischief]
  2689 | D:4      | Reached skill level 5 in Fighting
  2855 | D:4      | Found a blossoming altar of Fedhas.
  2865 | D:4      | Noticed a black bear
  2873 | D:4      | Killed a black bear
  2874 | D:4      | Reached skill level 6 in Fighting
  2874 | D:4      | Reached XP level 6. HP: 31/41 MP: 7/7
  3020 | D:4      | XOM: god gift: +0 pair of gloves of dexterity
  3045 | D:4      | Found a staircase to the Ecumenical Temple.
  3165 | D:4      | Noticed a black bear
  3172 | D:4      | Killed a black bear
  3317 | D:5      | Entered Level 5 of the Dungeon
  3345 | D:5      | XOM: god gift: wand of iceblast (5)
  3362 | D:5      | Reached skill level 7 in Fighting
  3362 | D:5      | Gained mutation: Your magical flight helps you evade
                  | attacks. (EV +4) [Tengu growth]
  3362 | D:5      | Reached XP level 7. HP: 42/48 MP: 8/8
  3422 | D:5      | Found a shimmering blue altar of Sif Muna.
  3477 | D:5      | XOM: summons friendly shadow imp
  3489 | D:5      | XOM: fog
  3558 | D:5      | XOM: scenery: 1 doors open
  3703 | D:5      | Reached skill level 8 in Fighting
  3798 | D:5      | XOM: summons 4 hostile demons
  3856 | D:5      | XOM: cleaving
  3860 | D:5      | Reached XP level 8. HP: 56/56 MP: 9/9
  3868 | D:5      | Reached skill level 9 in Fighting
  3913 | D:5      | XOM: cleaving
  3918 | D:5      | Reached skill level 10 in Fighting
  3937 | D:5      | Learned a level 3 spell: Call Canine Familiar
  3942 | D:5      | Learned a level 4 spell: Summon Blazeheart Golem
  4011 | D:5      | Reached skill level 1 in Summonings
  4017 | D:5      | Reached skill level 1 in Spellcasting
  4235 | D:5      | Reached XP level 9. HP: 63/63 MP: 12/12
  4496 | D:6      | Found a runed translucent gate.
  4496 | D:6      | Found a runed translucent gate.
  4496 | D:6      | Found a runed translucent gate.
  4554 | D:6      | XOM: blink monster(s)
  4581 | D:6      | Noticed Edmund
  4590 | D:6      | Killed Edmund
  4648 | D:6      | Reached skill level 11 in Fighting
  4669 | D:6      | Noticed jagang's ghost (novice HuMo)
  4696 | D:6      | XOM: god gift: hand axe {god gift}
  4775 | D:6      | XOM: give mutations
  4775 | D:6      | Gained mutation: Your muscles are very strong. (Str +8,
                  | Int/Dex -2) [Xom's grace]
  4775 | D:6      | Gained mutation: You passively dampen the noise of your
                  | surroundings. [Xom's grace]
  4775 | D:6      | Gained mutation: You are covered in thick fur. (AC +2)
                  | [Xom's grace]
  4775 | D:6      | Gained mutation: You are somewhat resistant to further
                  | mutation. [Xom's grace]
  4832 | D:6      | Reached skill level 5 in Summonings
  5016 | D:6      | XOM: torment (33/64 hp)
  5224 | D:6      | XOM: confuse monster(s)
  5537 | D:6      | Learned a level 2 spell: Blink
  5578 | D:7      | Found Riwoess's Antique Weapon Shop.
  5582 | D:7      | Noticed Duvessa
  5584 | D:7      | Noticed Dowan
  5590 | D:7      | Killed Duvessa
  5593 | D:7      | Killed Dowan
  5610 | D:7      | Learned a level 3 spell: Fugue of the Fallen
  5610 | D:7      | Bought a runed broad axe for 196 gold pieces
  5627 | D:7      | Reached skill level 1 in Translocations
  5636 | D:7      | XOM: god gift: 6 stones
  5674 | D:7      | Reached skill level 1 in Necromancy
  5674 | D:7      | Reached XP level 10. HP: 70/70 MP: 17/17
  5802 | D:7      | XOM: chaos upgrade
  5905 | D:7      | XOM: stat loss: -1 Dex (15/16)
  5943 | D:7      | Found a sparkling altar of Nemelex Xobeh.
  6062 | D:7      | XOM: chaos upgrade
  6234 | D:8      | Found an iron altar of Okawaru.
  6244 | D:8      | XOM: give mutations
  6244 | D:8      | Lost mutation: You expend magic power (3 MP) to strengthen
                  | your wands. [Xom's mischief]
  6244 | D:8      | Lost mutation: You have sharp fingernails. [Xom's mischief]
  6248 | D:8      | XOM: polymorph jelly -> shapeshifter
  6673 | D:8      | XOM: cloud trail
  6977 | D:8      | Reached skill level 5 in Spellcasting
  7194 | D:9      | Reached skill level 1 in Fire Magic
  7469 | D:9      | XOM: god gift: 50 gold pieces
  7590 | D:9      | XOM: summons 1 friendly demon
  7592 | D:9      | Reached skill level 12 in Fighting
  7798 | D:9      | Noticed Jeremiah
  7811 | D:9      | XOM: enchant monster (good)
  7815 | D:9      | Found a glowing golden altar of the Shining One.
  7815 | D:9      | Found a transporter.
  7815 | D:9      | Noticed a kobold demonologist
  7815 | D:9      | Noticed a cyclops
  7815 | D:9      | XOM: 8-stop teleportation journey
  7816 | D:9      | Noticed an ogre mage
  7816 | D:9      | Noticed a cyclops
  7874 | D:10     | XOM: stealth player
  7874 | D:10     | Entered Level 10 of the Dungeon
  7946 | D:10     | Noticed a two-headed ogre
  7954 | D:10     | Killed a two-headed ogre
  7955 | D:10     | Reached XP level 11. HP: 68/76 MP: 9/21
  8077 | D:10     | XOM: polymorph killer bee -> hobgoblin
  8081 | D:10     | XOM: 1-stop teleportation journey
  8084 | D:10     | XOM: silly message
  8311 | D:10     | Found a flagged portal.
  8328 | Bailey   | Entered a bailey
  8390 | Bailey   | XOM: scenery: 2 doors close
  8392 | Bailey   | XOM: divination: magic mapping
  8537 | Bailey   | Found a large runed translucent door.
  8537 | Bailey   | Found a large runed translucent door.
  8538 | Bailey   | Noticed a deep elf pyromancer
  8540 | Bailey   | Noticed an orc knight
  8542 | Bailey   | XOM: fog
  8579 | Bailey   | Killed an orc knight
  8680 | Bailey   | XOM: 5-stop teleportation journey
  8821 | Bailey   | XOM: butterfly on damage
  8821 | Bailey   | Killed a deep elf pyromancer
  8844 | Bailey   | Identified the +8 scimitar of Gozag's Hatred {protect, rC+
                  | rN+}
  9021 | D:10     | XOM: summons 4 friendly demons
  9428 | D:11     | Reached skill level 13 in Fighting
  9442 | D:11     | XOM: noise
  9444 | D:11     | Noticed Lodul
  9576 | D:10     | XOM: give mutations
  9576 | D:10     | Lost mutation: You are covered in thick fur. (AC +2) [Xom's
                  | mischief]
  9576 | D:10     | Lost mutation: You are partially covered in iridescent
                  | scales. (AC +2) [Xom's mischief]
  9576 | D:10     | Lost mutation: You are covered in fur. (AC +1) [Xom's
                  | mischief]
  9576 | D:10     | Gained mutation: Your spells are a little harder to cast,
                  | but a little more powerful. [Xom's mischief]
  9646 | D:10     | XOM: give mutations
  9646 | D:10     | Gained mutation: You are strong-willed. (Will+) [Xom's
                  | mischief]
  9646 | D:10     | Gained mutation: Your flesh is cold resistant. (rC+) [Xom's
                  | mischief]
  9646 | D:10     | Lost mutation: Your spells are a little harder to cast, but
                  | a little more powerful. [Xom's mischief]
  9646 | D:10     | Lost mutation: You are somewhat resistant to further
                  | mutation. [Xom's mischief]
  9738 | D:11     | Found a staircase to the Lair.
  9748 | D:11     | Engulfed by a cloud of flame

Illustrated notes

Levels and vault maps discovered:
D:1:      dpeg_arrival_shelter, layout_loops_corners
D:2:      layout_basic
D:3:      layout_loops_ring, ebering_ghost_reflecting_pool, uniq_ijyb
D:4:      layout_loops_ring, lemuel_doored_altar, minmay_temple_entry_overgrown,
          hangedman_decor_peaks_small, hangedman_decor_opposing
D:5:      minmay_thinvault, layout_basic, lemuel_round_altar, interstate_on_off
D:6:      layout_basic, gammafunk_ghost_icy, kennysheep_minor_cross,
          serial_bayou_pond_a, uniq_edmund
D:7:      layout_cave_pools, nemelex_diamond_rough_becter, serial_shops,
          nicolae_shop_overgrown_old_shop, uniq_duvessa
D:8:      layout_gridville, okawaru_humans, special_room [special_room_orc]
D:9:      layout_basic, gammafunk_temple_overflow_arena,
          gammafunk_ghost_spectres, uniq_jeremiah
D:10:     layout_roguey, enter_bailey_4
D:11:     layout_cave_pools, erik_lair_orcish_takeover, orc_david_3,
          uniq_maurice, uniq_lodul

Skill      XL: |  1  2  3  4  5  6  7  8  9 10 11 |
---------------+----------------------------------+-----
Long Blades    | 4 |  4.6
Fighting       | 4 6 7 8 10 11 12 13 | 13.0
Summonings     | 2 5 7 |  7.0
Spellcasting   | 1 4 6 7 |  7.0
Translocations | 1 3 |  3.0
Necromancy     | 1 4 |  4.0
Fire Magic     | 3 |  3.0
Dodging        | 4 |  4.4
Armour         | 4 |  4.8

Action                     |  1- 3 |  4- 6 |  7- 9 | 10-12 || total
---------------------------+-------+-------+-------+-------++-------
  Melee: Falchion          |    72 |    81 |   215 |    12 ||   380
         Kick              |    16 |    18 |    84 |    80 ||   198
         Peck              |     5 |     8 |    49 |    35 ||    97
         Punch             |       |     1 |     1 |     2 ||     4
         Flail             |       |       |       |   172 ||   172
         Dire flail        |       |       |       |    59 ||    59
  Throw: Javelin           |       |     4 |       |       ||     4
   Cast: Call Canine Famil |       |       |       |    17 ||    17
         Fugue of the Fall |       |       |       |    18 ||    18
         Summon Blazeheart |       |       |       |    14 ||    14
         Blink             |       |       |       |     3 ||     3
  Evoke: Wand              |       |       |       |     3 ||     3
    Use: Scroll            |       |     8 |     5 |     3 ||    16
         Potion            |       |     5 |       |       ||     5
   Stab: Sleeping          |       |     3 |     1 |       ||     4
         Confused          |       |       |     2 |       ||     2
         Paralysed         |       |       |     2 |     8 ||    10
         Petrifying        |       |       |     2 |       ||     2
         Petrified         |       |       |     1 |       ||     1
 Armour: Leather armour    |    30 |    33 |    93 |   107 ||   263
         Scale mail        |       |       |       |    58 ||    58
  Dodge: Dodged            |    59 |    67 |   240 |   382 ||   748
  Block: Other             |       |    17 |    50 |    75 ||   142
         Reflection        |       |       |       |     5 ||     5
